 Dungeon Sprint DCSS version 0.26-a0-667-g92642533e4 (webtiles) character file.

Game seed: 9055872339516155835

632 mhtbhm the Thaumaturge (level 7, -31/36 HPs)
             Began as a Deep Elf Earth Elementalist on Oct 16, 2020.
             Was a Believer of Vehumet.
             Annihilated by a boulder beetle (52 damage)
             ... in the Dungeon (Sprint IX: "|||||||||||||||||||||||||||||").
             The game lasted 00:02:36 (513 turns).

mhtbhm the Thaumaturge (Deep Elf Earth Elementalist) Turns: 513, Time: 00:02:37

Health: -31/36     AC:  4    Str:  5    XL:     7   Next: 24%
Magic:  20/24      EV: 18    Int: 25    God:    Vehumet [**....]
Gold:   0          SH:  0    Dex: 15    Spells: 15/30 levels left

rFire    . . .     SeeInvis .   q - +2 rapier (venom)
rCold    . . .     Faith    .   (no shield)
rNeg     . . .     Spirit   .   c - +0 robe
rPois    .         Reflect  .   (no helmet)
rElec    .         Harm     .   (no cloak)
rCorr    .         Rampage  .   m - +0 pair of gloves
MR       .....     NoTele   +   n - +0 pair of boots
Stlth    +++.......             (no amulet)
HPRegen  0.12/turn              o - +3 ring of intelligence
MPRegen  0.19/turn              p - +2 ring of evasion

@: no status effects
A: no striking features
a: Renounce Religion


You were in the Dungeon.
You worshipped Vehumet.
Vehumet was pleased with you.
You visited 1 branch

Inventory:

Hand Weapons
 q - a +2 rapier of venom (weapon)
Missiles
 b - 11 stones (quivered)
Armour
 c - a +0 robe (worn)
 m - a +0 pair of gloves (worn)
 n - a +0 pair of boots (worn)
Jewellery
 o - a +3 ring of intelligence (left hand)
 p - a +2 ring of evasion (right hand)
Wands
 l - a wand of iceblast (4)
Scrolls
 i - 2 scrolls of blinking
 j - 3 scrolls of remove curse
 k - 2 scrolls of amnesia
Potions
 a - a potion of invisibility
 d - 5 potions of curing
 e - 3 potions of heal wounds
 f - a potion of haste
 g - 3 potions of magic
 h - a potion of berserk rage


   Skills:
 + Level 6.7 Dodging
 + Level 5.2 Stealth
 + Level 12.1 Spellcasting
 + Level 1.8 Transmutations
 + Level 12.0 Earth Magic
 + Level 1.5 Evocations


You had 15 spell levels left.
You knew the following spells:

 Your Spells              Type           Power        Failure   Level
a - Sandblast             Erth           ######       1%          1
b - Passwall              Tmut/Erth      ######..     1%          2
c - Stone Arrow           Conj/Erth      #####.       1%          3
d - Lee's Rapid Deconstr  Erth           ######....   1%          5
e - Petrify               Tmut/Erth      ######..     2%          4

Your spell library contained the following spells:

 Spells                   Type           Power        Failure   Level
 Magic Dart               Conj           ###.         4%          1


Dungeon Overview and Level Annotations

Branches:
Dungeon (1/1)

Altars:
Cheibriados
Dithmenos
Elyvilon
Fedhas
Gozag
Hepliaklqana
Kikubaaqudgha
Makhleb
Nemelex Xobeh
Okawaru
Qazlal
Ru
Sif Muna
Trog
Uskayaw
Vehumet
Wu Jian
Xom
Yredelemnul
Zin
The Shining One
Beogh
Jiyva
Lugonu


Message History

Magic courses through your body.
Casting: Lee's Rapid Deconstruction (dangerous; 1% risk of failure)
Confirm with . or Enter, or press ? or * to list all spells.
Aiming: Lee's Rapid Deconstruction (dangerous; 1% risk of failure)
Press: ? - help, Dir - move target cursor, f/p - boulder beetle Fragment what (e.g. wall or brittle monster)?: a boulder beetle (heavily wounded, petrified)
The boulder beetle shatters!!
The boulder beetle is heavily wounded.
The boulder beetle is no longer petrified.
The boulder beetle curls into a ball and begins rolling!
Unknown command.
Casting: Lee's Rapid Deconstruction (dangerous; 1% risk of failure)
Confirm with . or Enter, or press ? or * to list all spells.
Aiming: Lee's Rapid Deconstruction (dangerous; 1% risk of failure)
Press: ? - help, Dir - move target cursor, f - you, p - boulder beetle An open door.
Okay, then.
The boulder beetle hits you!!!
Ouch! That really hurt!
You die...

▓_▓
▓_▓
▓_▓
▓_▓
▓_▓
▓_▓
▓_▓
▓_▓
▓@▓
▓B▓
▓○▓
▓○▓
▓○▓
▓○▓
▓○▓
▓.▓
▓[▓


You could see a boulder beetle.

Vanquished Creatures
  A troll (D)
  2 ogres (D)
  A bullfrog (D)
  A jelly (D)
  5 worker ants (D)
  A shadow imp (D)
  An adder skeleton (D)
  2 leopard geckos (D)
  A bat (D)
  2 bat skeletons (D)
  A giant cockroach (D)
  A frilled lizard (D)
  A rat (D)
20 creatures vanquished.

Notes
Turn   | Place    | Note
-------+----------+-------------------------------------------
     0 | D        | mhtbhm the Deep Elf Earth Elementalist began the quest for
                  | the Orb.
     0 | D        | Reached XP level 1. HP: 10/10 MP: 6/6
     6 | D        | Banished a spatial maelstrom
    67 | D        | Noticed an ogre
    68 | D        | Reached XP level 2. HP: 15/15 MP: 6/8
    71 | D        | Killed an ogre
    71 | D        | Reached XP level 3. HP: 19/19 MP: 3/12
    71 | D        | Reached XP level 4. HP: 24/24 MP: 3/14
   101 | D        | Found a roughly hewn altar of Beogh.
   101 | D        | Found a snail-covered altar of Cheibriados.
   101 | D        | Found a shadowy altar of Dithmenos.
   101 | D        | Found a white marble altar of Elyvilon.
   101 | D        | Found a blossoming altar of Fedhas.
   101 | D        | Found an opulent altar of Gozag.
   105 | D        | Learned a level 2 spell: Passwall
   109 | D        | Learned a level 3 spell: Stone Arrow
   109 | D        | Found a hazy altar of Hepliaklqana.
   110 | D        | Found a viscous altar of Jiyva.
   111 | D        | Found an ancient bone altar of Kikubaaqudgha.
   112 | D        | Found a corrupted altar of Lugonu.
   183 | D        | Found a burning altar of Makhleb.
   184 | D        | Found a sparkling altar of Nemelex Xobeh.
   185 | D        | Found an iron altar of Okawaru.
   186 | D        | Found a stormy altar of Qazlal.
   187 | D        | Found a sacrificial altar of Ru.
   188 | D        | Found a shimmering blue altar of Sif Muna.
   189 | D        | Found a bloodstained altar of Trog.
   190 | D        | Found a hide-covered altar of Uskayaw.
   191 | D        | Found a radiant altar of Vehumet.
   192 | D        | Found an ornate altar of the Wu Jian Council.
   193 | D        | Found a shimmering altar of Xom.
   194 | D        | Found a basalt altar of Yredelemnul.
   195 | D        | Found a glowing silver altar of Zin.
   196 | D        | Found a glowing golden altar of the Shining One.
   199 | D        | Became a worshipper of Vehumet
   235 | D        | Noticed a bullfrog
   235 | D        | Noticed an ogre
   255 | D        | Killed a bullfrog
   255 | D        | Reached skill level 5 in Dodging
   255 | D        | Reached XP level 5. HP: 28/28 MP: 14/17
   258 | D        | Killed an ogre
   258 | D        | Reached * piety under Vehumet
   258 | D        | Offered knowledge of Shock by Vehumet.
   258 | D        | Reached skill level 10 in Earth Magic
   258 | D        | Reached XP level 6. HP: 32/32 MP: 13/20
   303 | D        | Learned a level 5 spell: Lee's Rapid Deconstruction
   308 | D        | Learned a level 4 spell: Petrify
   310 | D        | Reached skill level 10 in Spellcasting
   311 | D        | Reached ** piety under Vehumet
   311 | D        | Reached skill level 5 in Stealth
   379 | D        | Noticed a troll
   379 | D        | Noticed a boulder beetle
   379 | D        | Noticed a boulder beetle
   395 | D        | Killed a troll
   395 | D        | Reached skill level 1 in Evocations
   395 | D        | Reached XP level 7. HP: 36/36 MP: 5/24
   497 | D        | Offered knowledge of Magic Dart by Vehumet.
   513 | D        | Annihilated by a boulder beetle

Illustrated notes

Levels and vault maps discovered:
D:        linesprint [early_d, line_temple, items_1, d_10, items_2, lair_1,
          lair_end, items_3, orc_1, orc_end, items_4, d_15, swamp_1, shoals_1,
          snake_1, spider_1, d_20, vaults_1, items_5, swamp_end, shoals_end,
          snake_end, spider_end, vaults_end, d_27, items_6, zot_1, zot_end,
          crypt_end, forest_end, elf_end, slime_end, tomb_end, abyss_end,
          pan_hell_end]

Skill      XL: |  1  2  3  4  5  6  7 |
---------------+----------------------+-----
Earth Magic    | 4 7 9 10 11 12 | 12.0
Dodging        | 3 4 5 6 |  6.7
Stealth        | 3 4 5 |  5.2
Spellcasting   | 6 8 9 11 12 | 12.1
Evocations     | 1 |  1.5
Transmutations | |  1.8

Action                   |  1- 3 |  4- 6 |  7- 9 || total
-------------------------+-------+-------+-------++-------
 Cast: Sandblast         |     8 |    11 |       ||    19
       Lee's Rapid Decon |       |     4 |     5 ||     9
       Petrify           |       |     2 |     2 ||     4
Evoke: Wand              |       |     5 |     1 ||     6
  Use: Potion            |       |       |     1 ||     1
Armor: Robe              |       |     2 |       ||     2
Dodge: Dodged            |     1 |    10 |     2 ||    13

Table legend: (Time is in decaauts)
 A = Elapsed time spent in this place.
 B = Non-inter-level travel time spent in this place.
 C = Inter-level travel time spent in this place.
 D = Time resting spent in this place.
 E = Time spent auto-exploring this place.
 F = Levels seen in this place.
 G = Mean time per level.
                   A        B        C        D        E       F      G
               +--------+--------+--------+--------+--------+-----+--------+
         Total |    511 |    511 |      0 |    313 |      3 |   1 |  511.0 |
       Dungeon |    511 |    511 |      0 |    313 |      3 |   1 |  511.0 |
               +--------+--------+--------+--------+--------+-----+--------+

Top non-repeatable levels by time:
       D: 511 daAuts
